 Dungeon Crawl Stone Soup version 0.21.0-3-g78d12a8bdd (webtiles) character file.

172 pierduck the Twirler (level 5, -2/41 HPs)
             Began as a Formicid Fighter on Jan 14, 2018.
             Was an Initiate of Okawaru.
             Slain by Esekla's ghost (3 damage)
             ... on level 4 of the Dungeon.
             The game lasted 00:04:29 (3212 turns).

pierduck the Twirler (Formicid Fighter)             Turns: 3212, Time: 00:04:31

Health: -2/41      AC:  6    Str: 26    XL:     5   Next: 82%
Magic:  5/5        EV:  8    Int:  7    God:    Okawaru [......]
Gold:   268        SH: 10    Dex: 11    Spells: 4/4 levels left

rFire    . . .     SeeInvis +   a - +0 quarterstaff
rCold    . . .     Gourm    .   c - +0 shield
rNeg     . . .     Faith    .   b - +0 scale mail
rPois    +         Spirit   .   (helmet unavailable)
rElec    .         Reflect  .   (no cloak)
rCorr    .         Harm     .   (no gloves)
MR       .....                  (no boots)
Stlth    ..........             (no amulet)
HPRegen  0.13/turn              o - ring of poison resistance
MPRegen  0.09/turn              (no ring)

@: mighty, lethally poisoned (-2 -> -4)
A: permanent stasis, dig shafts and tunnels, four strong arms, antennae 3
a: Dig, Shaft Self, Renounce Religion


You were on level 4 of the Dungeon.
You worshipped Okawaru.
Okawaru was noncommittal.
You were hungry.

You visited 1 branch of the dungeon, and saw 4 of its levels.

You collected 268 gold pieces.

Inventory:

Hand Weapons
 a - a +0 quarterstaff (weapon)
Missiles
 i - 6 tomahawks (quivered)
Armour
 b - a +0 scale mail (worn)
 c - a +0 shield (worn)
Jewellery
 o - a ring of poison resistance (left hand)
 v - an uncursed ring of ice {unknown}
Scrolls
 e - 2 scrolls of teleportation {unknown}
 k - 2 scrolls of magic mapping {unknown}
 m - 3 scrolls of identify {unknown}
 p - a scroll of enchant weapon {unknown}
 s - a scroll of blinking {unknown}
 w - a scroll of amnesia {unknown}
 x - a scroll of fog {unknown}
Potions
 g - a potion of berserk rage {unknown}
 h - a potion of degeneration {unknown}
 j - a potion of curing {unknown}
 l - a potion of flight {unknown}
 q - a potion of ambrosia {unknown}
 r - a potion of heal wounds {unknown}
 t - a potion of lignification {unknown}
 u - a potion of magic {unknown}
Comestibles
 f - 11 rations


   Skills:
 - Level 3.2 Fighting
 + Level 5.5 Staves
 - Level 3.2 Armour
 - Level 3.6 Shields


You had 4 spell levels left.
You didn't know any spells.

Dungeon Overview and Level Annotations

Branches:
Dungeon (4/15)
 Temple: D:4-7

Altars:
Ashenzari
Elyvilon
Okawaru

Annotations:
D:4 Esekla's ghost, amateur DESk


Innate Abilities, Weirdness & Mutations

You cannot be hasted, slowed, berserked, paralysed or teleported.
You can dig through walls and to a lower floor.
Your four strong arms can wield two-handed weapons with a shield.
You have a pair of large antennae on your head. (SInv)


Message History

You are poisoned.
The worker ant poisons you! Esekla's ghost barely misses you.
The worker ant bites you but does no damage.
You closely miss Esekla's ghost.
Esekla's ghost is lightly damaged.
You feel sick. Esekla's ghost hits you.
* * * LOW HITPOINT WARNING * * *
The worker ant bites you but does no damage.
You miss Esekla's ghost.
Esekla's ghost is lightly damaged.
Esekla's ghost hits you.
* * * LOW HITPOINT WARNING * * *
You block the worker ant's attack. Esekla's ghost barely misses you.
You closely miss Esekla's ghost.
Esekla's ghost is lightly damaged.
* * * LOW HITPOINT WARNING * * *
You feel sick. The worker ant closely misses you.
The worker ant bites you but does no damage.
Esekla's ghost hits you.
You die...

#...?...# .. ....
#......!# .#....#
#.[.....##. ...#
......#..#...# # ....
#.#...#
####.###.###.....# ..
.......#a.##..#..#...
#W@.........#...
########........
#........ #.....#..
#.....###
#############.......#
.........<........#.#
............#..#### .
#....#....##..# ..


You could see a worker ant and Esekla's ghost.

Vanquished Creatures
  3 gnolls (D:2)
  6 adders
  A worm (D:2)
  2 dart slugs
  2 leopard geckos (D:2)
  2 orcs (D:3)
  13 bats
  3 giant cockroaches
  15 goblins
  8 hobgoblins
  6 jackals
  5 kobolds
  2 quokkas (D:3)
  2 frilled lizards (D:2)
  4 rats
  A fungus (D:1)
75 creatures vanquished.

Vanquished Creatures (others)
  An ogre (D:4)
  An iguana (D:4)
  A worker ant (D:4)
  An adder (D:4)
  An orc (D:4)
  A giant cockroach (D:4)
  A kobold (D:2)
  A quokka (D:3)
8 creatures vanquished.

Grand Total: 83 creatures vanquished

Notes
Turn   | Place    | Note
-------+----------+-------------------------------------------
     0 | D:1      | pierduck the Formicid Fighter began the quest for the Orb.
     0 | D:1      | Reached XP level 1. HP: 18/18 MP: 1/1
   245 | D:1      | Reached XP level 2. HP: 24/24 MP: 2/2
   516 | D:1      | Reached skill level 3 in Staves
   652 | D:1      | Reached XP level 3. HP: 28/29 MP: 3/3
  1372 | D:2      | Found a shattered altar of Ashenzari.
  1507 | D:2      | Reached skill level 4 in Staves
  1507 | D:2      | Reached XP level 4. HP: 35/35 MP: 4/4
  1679 | D:2      | Found an iron altar of Okawaru.
  1731 | D:2      | Became a worshipper of Warmaster Okawaru
  1991 | D:2      | Reached XP level 5. HP: 22/41 MP: 5/5
  2453 | D:3      | Reached skill level 5 in Staves
  2498 | D:3      | Found a white marble altar of Elyvilon.
  3186 | D:4      | Noticed Esekla's ghost (amateur DESk)
  3211 | D:4      | HP: 2/41 [Esekla's ghost (4)]
  3212 | D:4      | Killed an ogre
  3212 | D:4      | Slain by Esekla's ghost

Skill      XL: |  1  2  3  4  5 |
---------------+----------------+-----
Staves         | 3 4 5 |  5.5
Fighting       | |  3.2
Armour         | |  3.2
Shields        | |  3.6

Action                   |  1- 3 |  4- 6 || total
-------------------------+-------+-------++-------
Melee: Quarterstaff      |    88 |   151 ||   239
Throw: Tomahawk          |     2 |       ||     2
 Abil: Dig               |     1 |       ||     1
  Use: Potion            |       |     1 ||     1
  Eat: Chunk             |     2 |     5 ||     7
Armor: Scale mail        |    29 |    69 ||    98
Dodge: Dodged            |    23 |    54 ||    77
Block: Shield            |    50 |    92 ||   142
